 Dungeon Crawl Stone Soup version 0.29.1-4-g47bece8355 (webtiles) character file.

Game seed: 17639194966021645882

74 Haldmier the Sneak (level 4, -4/36 HPs)
             Began as a Ghoul Brigand on Dec 3, 2022.
             Slain by an ogre
             ... wielding a +0 giant club
              (28 damage)
             ... on level 3 of the Dungeon.
             The game lasted 00:05:31 (3431 turns).

Haldmier the Sneak (Ghoul Brigand)                  Turns: 3431, Time: 00:05:32

Health: -4/36      AC:  4    Str: 16    XL:     4   Next: 30%
Magic:  3/3        EV: 11    Int:  6    God:
Gold:   93         SH:  0    Dex: 10    Spells: 3/3 levels left

rFire   . . .      SeeInvis .     - Unarmed
rCold   + . .      Faith    .   (no shield)
rNeg    + + +      Spirit   .   j - +0 leather armour
rPois   ∞          Reflect  .   (no helmet)
rElec   .          Harm     .   c - +0 cloak
rCorr   .          Rampage  .   (no gloves)
Will    .....                   (no boots)
Stlth   ++........              (no amulet)
HPRegen 0.00/turn               (no ring)
MPRegen 0.08/turn               (no ring)

@: inhibited regen
A: claws 1, cold resistance 1, negative energy resistance 3, inhibited
regeneration, torment resistance 2, devour on kill
a: no special abilities


You were on level 3 of the Dungeon.
You visited 1 branch of the dungeon, and saw 3 of its levels.

You collected 93 gold pieces.

Inventory:

Missiles
 d - 4 poisoned darts (quivered)
 e - 3 curare-tipped darts
 g - 10 stones
Armour
 c - a +0 cloak (worn)
 j - a +0 leather armour (worn)
Scrolls
 f - 2 scrolls of identify
 h - a scroll of amnesia {unknown}
 l - a scroll of teleportation {unknown}
 m - a scroll of summoning {unknown}
 n - a scroll of blinking {unknown}
Potions
 b - a potion of heal wounds
 i - 2 potions of curing
 k - a potion of flight
 o - a potion of brilliance


   Skills:
 + Level 2.2 Fighting
 - Level 1.7 Short Blades
 + Level 1.8 Throwing
 + Level 0.0 Armour
 + Level 0.9 Dodging
 + Level 4.3 Stealth
 * Level 4.1 Unarmed Combat


You had 3 spell levels left.
You didn't know any spells.
Your spell library was empty.

Dungeon Overview and Level Annotations

Branches:
Dungeon (3/15)

Altars:


Innate Abilities, Weirdness & Mutations

You are immune to poison.
You have sharp fingernails.
Your flesh is cold resistant. (rC+)
You are immune to negative energy. (rN+++)
You do not regenerate when monsters are visible.
You are immune to unholy pain and torment.
You thrive by killing the living.


Message History

You start resting.
HP restored.
There is a stone staircase leading down here.
You see here a +0 leather armour.
There is a stone staircase leading down here.
You climb downwards.
The goblin shouts!
There is a stone staircase leading up here.
You scratch the goblin.
You kill the goblin!
You closely miss the kobold. The kobold closely misses you.
You scratch the kobold but do no damage.
The kobold closely misses you.
You claw the kobold!
You kill the kobold!
Throw: 7 darts (poison)
Press: ? - help, Q - select action, (/) - cycle Shift-Dir - straight line, f - ogre
Aim: an ogre, wielding a +0 giant club (72% to hit)
You throw a poisoned dart. The poisoned dart hits the ogre.
The ogre is poisoned.
Throw: 6 darts (poison)
Press: ? - help, Q - select action, (/) - cycle Shift-Dir - straight line, f/p - ogre
Aim: an ogre, wielding a +0 giant club (poisoned, 72% to hit)
You throw a poisoned dart.
The poisoned dart barely misses the ogre.
Throw: 5 darts (poison)
Press: ? - help, Q - select action, (/) - cycle Shift-Dir - straight line, f/p - ogre
Aim: an ogre, wielding a +0 giant club (poisoned, 72% to hit)
You throw a poisoned dart. The poisoned dart hits the ogre.
The ogre looks even sicker.
You scratch the ogre.
The ogre is lightly wounded.
The ogre hits you with a +0 giant club!
You scratch the ogre.
The ogre is moderately wounded.
You claw the ogre!
The ogre is severely wounded.
The ogre hits you with a +0 giant club!!
Ouch! That really hurt!
You die...

.................#
....(....$.##...##
.........### ####
.......[.#
......(.#
........#
.......(#
......)O#
.......@#
...$....#
........#
.......## ......#
#.##.# . #. ##


You could see an ogre (very poisoned).

Vanquished Creatures
  3 adders (D:2)
  2 worms (D:2)
  2 dart slugs
  7 ball pythons
  2 endoplasms (D:1)
  4 hobgoblins
  4 jackals (D:1)
  A quokka (D:1)
  A goblin (D:3)
  7 kobolds
  3 rats
36 creatures vanquished.

Notes
Turn   | Place    | Note
-------+----------+-------------------------------------------
     0 | D:1      | Haldmier the Ghoul Brigand began the quest for the Orb.
     0 | D:1      | Reached XP level 1. HP: 17/17 MP: 0/0
   219 | D:1      | Reached skill level 1 in Unarmed Combat
   358 | D:1      | Reached XP level 2. HP: 24/24 MP: 1/1
   856 | D:1      | Reached XP level 3. HP: 29/29 MP: 2/2
   916 | D:2      | Found a faded altar of an unknown god.
  2799 | D:2      | Reached XP level 4. HP: 22/36 MP: 3/3
  3119 | D:3      | Noticed an ogre
  3431 | D:3      | Slain by an ogre

Illustrated notes

Levels and vault maps discovered:
D:1:      mainiacjoe_arrival_reflecting_pool, layout_basic
D:2:      layout_loops_corners, nicolae_ecumenical_oubliette
D:3:      layout_rooms

Skill      XL: |  1  2  3  4 |
---------------+-------------+-----
Unarmed Combat | 1 2 3 4 |  4.1
Fighting       | |  2.2
Short Blades   | |  1.7
Throwing       | |  1.8
Dodging        | |  0.9
Stealth        | |  4.3

Action                   |  1- 3 |  4- 6 || total
-------------------------+-------+-------++-------
Melee: Dagger            |   151 |    20 ||   171
       Punch             |     3 |     1 ||     4
       Unarmed           |       |     7 ||     7
Throw: Stone             |    10 |       ||    10
       Dart              |     2 |     5 ||     7
  Use: Scroll            |       |     4 ||     4
 Stab: Sleeping          |     3 |       ||     3
Armor: Leather armour    |    32 |     4 ||    36
       Robe              |     1 |       ||     1
Dodge: Dodged            |    54 |     9 ||    63
